AoeStats
← HombreGuz

Socotra

505157271Analyzed
2v2 RM · 24d ago on Sep 8, 2026· 18m 59s· 4 players
Game mode
Random Map
Map size
Tiny (2 player)
Population
200
Speed
Normal
Resources
Standard
Victory
Conquest
Starting age
Dark Age
Ending age
Imperial Age
RankedLock teamsTeams togetherTeam positionsShared explorationLock speedFull tech treeHidden civsTurbo modeCheats
Victory
Defeat
🇳🇿 Armenians · New Zealand
1060
+15
🇳🇿 Georgians · New Zealand
1003
+18
🇨🇱 Goths · Chile
1091
-18
🇨🇱 Chinese · Chile
1000
-45
Oldman1976
3:14 Loom
10:31 Feudal Age
10:37 Man-at-Arms
11:53 Long Swordsman
14:10 Double-Bit Axe
18:27 Scale Mail Armor
ManAtArmsMatthew
0:26 Loom
naitsab7
0:48 Loom
12:59 Feudal Age
15:17 Double-Bit Axe
HombreGuz
7:48 Loom
14:10 Feudal Age
Connection lost

Rejoining the realm…

Still unreachable

The connection could not be restored.

Session expired

The server has moved on; the page needs a fresh start.